 Dungeon Crawl Stone Soup version 0.28-a0-80-g9707f7362f (webtiles) character file.

Game seed: 10534459366512207019

317 pokeman the Magician (level 6, -7/34 HPs)
             Began as a Deep Elf Hedge Wizard on Aug 4, 2021.
             Asphyxiated
             ... on level 3 of the Dungeon.
             The game lasted 00:06:38 (3811 turns).

pokeman the Magician (Deep Elf Hedge Wizard)        Turns: 3811, Time: 00:06:39

Health: -7/34      AC:  2    Str:  7    XL:     6   Next: 20%
Magic:  14/17      EV: 13    Int: 21    God:
Gold:   110        SH:  0    Dex: 14    Spells: 7/18 levels left

rFire   . . .      SeeInvis .   k - +2 whip (venom)
rCold   . . .      Faith    .   (no shield)
rNeg    . . .      Spirit   .   b - +0 robe
rPois   .          Reflect  .   c - +0 hat
rElec   .          Harm     .   (no cloak)
rCorr   +          Rampage  .   (no gloves)
Will    .....                   (no boots)
Stlth   ++........              (no amulet)
HPRegen 0.11/turn               d - ring of resist corrosion
MPRegen 0.15/turn               (no ring)

@: lethally poisoned (-7 -> -27)
A: no striking features
a: no special abilities


You were on level 3 of the Dungeon.
You visited 1 branch of the dungeon, and saw 3 of its levels.

You collected 110 gold pieces.

Inventory:

Hand Weapons
 k - a +2 whip of venom (weapon)
Missiles
 f - 52 arrows
Armour
 b - a +0 robe (worn)
 c - a +0 hat (worn)
Jewellery
 d - a ring of resist corrosion (left hand)
Scrolls
 h - a scroll of teleportation {unknown}
 j - 2 scrolls of magic mapping {unknown}
 m - a scroll of fear {unknown}
 n - a scroll of fog {unknown}
 o - a scroll of noise {unknown}
 q - 2 scrolls of immolation {unknown}
 r - a scroll of vulnerability {unknown}
 s - a scroll of acquirement {unknown}
 t - a scroll of identify {unknown}
Potions
 a - 2 potions of haste {unknown}
 e - 2 potions of brilliance {unknown}
 g - 2 potions of curing {unknown}
 i - 4 potions of might {unknown}
 l - a potion of magic {unknown}
 p - a potion of mutation {unknown}


   Skills:
 - Level 1.5 Fighting
 - Level 1.4 Armour
 - Level 3.0 Dodging
 + Level 2.7 Stealth
 * Level 6.8 Spellcasting
 + Level 3.2 Conjurations
 - Level 1.1 Summonings
 - Level 1.1 Translocations
 - Level 1.0 Fire Magic
 + Level 0.9 Air Magic


You had 7 spell levels left.
You knew the following spells:

 Your Spells              Type           Power      Damage    Failure   Level
a - Magic Dart            Conj           80%        1d7       2%          1
b - Mephitic Cloud        Conj/Pois/Air  13%        N/A       16%         3
c - Call Imp              Summ           11%        N/A       9%          2
d - Blink                 Tloc           N/A        N/A       9%          2
e - Conjure Flame         Conj/Fire      16%        6-21      12%         3

Your spell library contained the following spells:

 Spells                   Type           Power      Damage    Failure   Level
 Slow                     Hex            7%         N/A       14%         2
 Lesser Beckoning         Tloc           5%         N/A       17%         3
 Manifold Assault         Tloc           11%        N/A       85%         5


Dungeon Overview and Level Annotations

Branches:
Dungeon (3/15)

Altars:


Message History

Aim: a kobold, wielding a +0 club (100% to hit)
The magic dart hits the kobold but does no damage.
The kobold brigand is engulfed in noxious fumes.
Unknown command.
Casting: Magic Dart (safe; 2% risk of failure)
Confirm with . or Enter, or press ? or * to list all spells.
Aiming: Magic Dart (safe; 2% risk of failure)
Press: ? - help, Shift-Dir - straight line, f/p - kobold
Aim: a kobold, wielding a +0 club (100% to hit)
The magic dart hits the kobold.
You kill the kobold!
Unknown command.
Your unstable footing causes you to fumble your attack.
Your unstable footing causes you to fumble your attack.
The kobold brigand closely misses you.
Your unstable footing causes you to fumble your attack.
The kobold brigand hits you with a +0 short sword of flaming!
The kobold brigand burns you. The kobold brigand barely misses you.
The kobold brigand hits you with a +0 short sword of flaming.
The kobold brigand burns you.
You barely miss the kobold brigand.
The kobold brigand is lightly wounded.
The kobold brigand barely misses you.
You hit the kobold brigand but do no damage.
The kobold brigand is poisoned.
The kobold brigand is lightly wounded.
The kobold brigand splashes around in the water.
You barely miss the kobold brigand.
The kobold brigand is lightly wounded.
The kobold closely misses you.
The kobold brigand hits you with a +0 short sword of flaming!
* * * LOW HITPOINT WARNING * * *
The kobold brigand burns you.
* * * LOW HITPOINT WARNING * * *
A kobold comes into view.
The kobold brigand throws a curare-tipped dart.
The curare-tipped dart hits you.
You are lethally poisoned!
You have difficulty breathing.
You die...

#....# #....# ....#
######################K'#########
≈≈≈≈≈≈≈≈≈≈≈≈≈≈≈≈≈≈≈≈.....≈≈≈≈≈≈≈≈
≈≈≈≈≈≈≈≈≈≈≈≈≈≈≈≈≈≈≈≈≈.....≈≈≈≈≈≈≈
≈≈≈≈≈≈≈≈≈≈≈≈≈≈≈≈≈K≈≈≈....≈≈≈≈≈≈≈≈
.≈.≈≈≈≈≈..≈≈...≈≈.≈≈≈..(.≈≈..≈≈≈≈
................@K)..............
.................................
###.#.#.######...#.##.<...(.##...
#.......# #.###..##.##.##(#####
#.#####.# #.# #........##(#####
#.#####.#####.###.###.#..........
#....##.#........## #.#..##.#####
#.##.##.#.#####.## #.#..##.#
#.##.........##.# #.......#


You could see a kobold brigand (very poisoned) and 2 kobolds.

Vanquished Creatures
  A black bear (D:2)
  A hound (D:3)
  An orc priest (D:3)
  4 gnolls (D:2)
  5 adders
  A worm (D:3)
  A dart slug (D:3)
  4 orcs (D:3)
  4 endoplasms
  3 giant cockroaches
  5 goblins
  7 hobgoblins
  6 jackals
  3 quokkas
  6 ball pythons
  9 bats
  4 frilled lizards
  10 kobolds
  4 rats
79 creatures vanquished.

Notes
Turn   | Place    | Note
-------+----------+-------------------------------------------
     0 | D:1      | pokeman the Deep Elf Hedge Wizard began the quest for the
                  | Orb.
     0 | D:1      | Reached XP level 1. HP: 10/10 MP: 7/7
   271 | D:1      | Reached XP level 2. HP: 16/16 MP: 5/9
   663 | D:1      | Reached skill level 5 in Spellcasting
   940 | D:2      | Reached XP level 3. HP: 20/20 MP: 6/11
   944 | D:2      | Learned a level 3 spell: Mephitic Cloud
   947 | D:2      | Learned a level 2 spell: Call Imp
   950 | D:2      | Learned a level 2 spell: Blink
   954 | D:2      | Learned a level 3 spell: Conjure Flame
  1244 | D:2      | Noticed a black bear
  1261 | D:2      | Reached skill level 1 in Fighting
  1265 | D:2      | Killed a black bear
  1266 | D:2      | Reached skill level 1 in Armour
  1266 | D:2      | Reached skill level 6 in Spellcasting
  1266 | D:2      | Reached XP level 4. HP: 25/25 MP: 2/14
  1266 | D:2      | Reached XP level 5. HP: 29/29 MP: 2/15
  2506 | D:3      | Reached skill level 1 in Fire Magic
  2789 | D:3      | Reached XP level 6. HP: 34/34 MP: 6/17
  3811 | D:3      | Asphyxiated

Illustrated notes

Levels and vault maps discovered:
D:1:      amcnicky_arrival_single_pillar, layout_rooms
D:2:      kennysheep_six_static_rooms, layout_loops_ring, grunt_ministairs_3
D:3:      minmay_goblin_kobold_castle, layout_loops_cross

Skill      XL: |  1  2  3  4  5 |
---------------+----------------+-----
Spellcasting   | 5 6 |  6.8
Fighting       | 1 |  1.5
Armour         | 1 |  1.4
Conjurations   | 2 3 |  3.2
Fire Magic     | 1 |  1.0
Dodging        | 3 |  3.0
Stealth        | |  2.7
Summonings     | |  1.1
Translocations | |  1.1
Air Magic      | |  0.9

Action                   |  1- 3 |  4- 6 || total
-------------------------+-------+-------++-------
Melee: Dagger            |    13 |     4 ||    17
       Whip              |       |    24 ||    24
 Cast: Magic Dart        |    71 |   105 ||   176
       Mephitic Cloud    |     2 |     4 ||     6
       Conjure Flame     |     1 |       ||     1
 Stab: Sleeping          |     1 |       ||     1
       Confused          |       |     2 ||     2
Armor: Robe              |     4 |     3 ||     7
Dodge: Dodged            |    24 |    30 ||    54

Table legend: (Time is in decaauts)
 A = Elapsed time spent in this place.
 B = Non-inter-level travel time spent in this place.
 C = Inter-level travel time spent in this place.
 D = Time resting spent in this place.
 E = Time spent auto-exploring this place.
 F = Levels seen in this place.
 G = Mean time per level.
                   A        B        C        D        E       F      G
               +--------+--------+--------+--------+--------+-----+--------+
         Total |   3819 |   3779 |     40 |      0 |   3327 |   3 | 1273.0 |
       Dungeon |   3819 |   3779 |     40 |      0 |   3327 |   3 | 1273.0 |
               +--------+--------+--------+--------+--------+-----+--------+

Top non-repeatable levels by time:
     D:2: 1688 daAuts
     D:3: 1337 daAuts
     D:1: 793 daAuts
